 Dungeon Crawl Stone Soup version 0.18.1-50-g88ac8fd (webtiles) character file.

718 Peloso the Shield-Bearer (level 7, -6/61 HPs)
             Began as a Minotaur Fighter on Sept 25, 2016.
             Killed by divine providence
             ... invoked by an orc priest
              (13 damage)
             ... on level 4 of the Dungeon.
             The game lasted 00:08:33 (2655 turns).

Peloso the Shield-Bearer (Minotaur Fighter)         Turns: 2655, Time: 00:08:34

Health: -6/61      AC: 10    Str: 21    XL:     7   Next: 42%
Magic:  6/6        EV:  7    Int:  5    God:
Gold:   192        SH: 10    Dex: 11    Spells: 0 memorised, 6 levels left

rFire  . . .     SeeInvis .     a - +0 long sword
rCold  . . .     Gourm    .     l - +0 chain mail (curse)
rNeg   . . .     Faith    .     c - +0 shield
rPois  .         Spirit   .     (helmet restricted)
rElec  .         Dismiss  .     (no cloak)
rCorr  .         Reflect  .     (no gloves)
SustAt .         Harm     .     (no boots)
MR     .....                    t - amulet of magic regeneration
Stlth  ..........               (no ring)
                                (no ring)

@: not resistant to hostile enchantments, extremely unstealthy
A: retaliatory headbutt, horns 2
a: no special abilities


You were on level 4 of the Dungeon.
You were very hungry.

You visited 2 branches of the dungeon, and saw 5 of its levels.

You collected 192 gold pieces.

Inventory:

Hand Weapons
 a - a +0 long sword (weapon)
Armour
 c - a +0 shield (worn)
 l - a cursed +0 chain mail (worn)
Jewellery
 t - an amulet of magic regeneration (around neck)
Scrolls
 e - 3 scrolls of random uselessness {unknown}
 i - 3 scrolls of identify {unknown}
 m - a scroll of fog {unknown}
 n - a scroll of remove curse {unknown}
 o - 2 scrolls of teleportation {unknown}
 q - a scroll of fear {unknown}
 u - a scroll of amnesia {unknown}
 w - a scroll of enchant armour {unknown}
Potions
 b - a potion of mutation {unknown}
 d - a potion of might
 g - a potion of flight {unknown}
 h - a potion of brilliance {unknown}
 j - a potion of degeneration {unknown}
 k - a potion of agility {unknown}
 v - a potion of curing {unknown}
Comestibles
 f - 4 bread rations
 p - 2 beef jerkies
 r - a meat ration
 s - 3 fruits


   Skills:
 + Level 5.6 Fighting
 + Level 4.7 Long Blades
 + Level 5.5 Armour
 + Level 2.8 Dodging
 + Level 0.1 Stealth
 + Level 6.6 Shields


You had 6 spell levels left.
You didn't know any spells.

Dungeon Overview and Level Annotations

Branches:
Dungeon (4/15)             Temple (1/1) D:4

Altars:
Ashenzari
Cheibriados
Dithmenos
Fedhas
Gozag
Kikubaaqudgha
Makhleb
Nemelex Xobeh
Pakellas
Qazlal
Ru
Trog
Vehumet
Yredelemnul
Zin
The Shining One

Shops:
D:4 (


Innate Abilities, Weirdness & Mutations

You reflexively headbutt those who attack you in melee.
You have a pair of horns on your head.


Message History

You slash the orc!
You kill the orc!
You block the orc's attack.
Things that are here:
11 stones; a quokka corpse Unknown command.
You closely miss the orc. You headbutt the orc, but do no damage.
The orc priest looks braver for a moment.
The orc hits you with a flail.
* * * LOW HITPOINT WARNING * * *
Unknown command.
Drink which item? (? for menu, Esc to quit)
Okay, then.
The orc wizard casts a spell.
The orc wizard flickers and vanishes!
Deactivating autopickup; reactivate with Ctrl-A.
Items here: )))))) [[[[ ††† The orc priest invokes the aid of Beogh against you.
Beogh smites you!
You die...

####
....####################
........#(..............
........#...............
.......>'...............
#....#)#...............
#.. #@#........#...... #
#)#........#......
#o#...............
o#.#......[..#.#+##
..or..{o#######...#.#...
o.o....o..........#.#<..
..................#.....
...............##.#.....
............†..##.#...##


You could see an orc priest and 2 orcs.

Vanquished Creatures
  The ghost of Naarciss the Conjurer, a novice DECj of Vehumet (D:4)
  A phantom (D:4)
  2 orc priests
  3 orc wizards
  Jessica (D:2)
  An iguana (D:4)
  3 worker ants (D:4)
  6 adders
  An ooze (D:4)
  A worm (D:2)
  2 dart slugs
  A giant gecko (D:3)
  8 orcs
  A ball python (D:3)
  6 giant cockroaches
  5 hobgoblins
  8 jackals
  6 kobolds
  2 quokkas
  5 bats
  5 giant newts
  5 goblins
  8 rats
82 creatures vanquished.

Notes
Turn   | Place    | Note
--------------------------------------------------------------
     0 | D:1      | Peloso the Minotaur Fighter began the quest for the Orb.
     0 | D:1      | Reached XP level 1. HP: 19/19 MP: 0/0
    64 | D:1      | Reached XP level 2. HP: 24/27 MP: 1/1
   109 | D:1      | Reached skill level 4 in Shields
   441 | D:2      | Reached XP level 3. HP: 33/33 MP: 2/2
   451 | D:2      | Found an ancient bone altar of Kikubaaqudgha.
   583 | D:2      | Noticed Jessica
   587 | D:2      | Killed Jessica
   587 | D:2      | Reached skill level 1 in Dodging
   638 | D:2      | Reached XP level 4. HP: 35/40 MP: 3/3
   745 | D:2      | Found a faded altar to an unknown god.
  1067 | D:2      | Reached skill level 5 in Shields
  1140 | D:2      | Found an oddly glowing altar of Pakellas.
  1388 | D:3      | Found a sacrificial altar of Ru.
  1404 | D:3      | Reached XP level 5. HP: 46/47 MP: 4/4
  1817 | D:4      | Noticed Naarciss's ghost (novice DECj)
  1844 | D:4      | Killed Naarciss's ghost
  1844 | D:4      | Reached skill level 5 in Fighting
  1844 | D:4      | Reached skill level 5 in Armour
  1844 | D:4      | Reached skill level 6 in Shields
  1844 | D:4      | Reached XP level 6. HP: 5/56 MP: 5/5
  2144 | D:4      | Found a glowing silver altar of Zin.
  2170 | D:4      | Found Agudduyrru's Weapon Shop.
  2222 | D:4      | Reached XP level 7. HP: 54/61 MP: 6/6
  2281 | D:4      | Found a staircase to the Ecumenical Temple.
  2322 | Temple   | Entered the Ecumenical Temple
  2516 | D:4      | Found a bloodstained altar of Trog.
  2655 | D:4      | Killed from afar by an orc priest

Skill      XL: |  1  2  3  4  5 |
---------------+----------------+-----
Shields        | 4 5 6 |  6.6
Fighting       | 4 5 |  5.6
Armour         | 4 5 |  5.5
Dodging        | 1 2 |  2.8
Long Blades    | 4 |  4.7
Stealth        | |  0.1

Action                   |  1- 3 |  4- 6 |  7- 9 || total
-------------------------+-------+-------+-------++-------
Melee: Long sword        |    71 |   122 |    73 ||   266
       Headbutt          |    10 |    18 |    15 ||    43
  Eat: Chunk             |       |     4 |     1 ||     5
Armor: Scale mail        |    38 |     3 |       ||    41
       Chain mail        |       |    63 |    36 ||    99
Dodge: Dodged            |    43 |    31 |    21 ||    95
Block: Shield            |    55 |    64 |    40 ||   159
